 Dungeon Crawl Stone Soup version 0.24-a0-584-g9d6b971ae4 (webtiles) character file.

Game seed: 8373749483042860681, levelgen mode: deterministic

125 Gaball the Conjurer (level 5, -4/31 HPs)
             Began as an Octopode Conjurer on Sept 4, 2019.
             Killed by nerve-wracking pain
             ... invoked by Grinder
              (7 damage)
             ... while paralysed by Grinder
             ... on level 2 of the Dungeon.
             The game lasted 00:08:25 (2583 turns).

Gaball the Conjurer (Octopode Conjurer)             Turns: 2583, Time: 00:08:25

Health: -4/31      AC:  1    Str:  8    XL:     5   Next: 9%
Magic:  5/10       EV:  2    Int: 18    God:
Gold:   101        SH:  0    Dex: 12    Spells: 6/10 levels left

rFire    . . .     SeeInvis .   s - +0 dagger
rCold    . . .     Gourm    .   (no shield)
rNeg     + . .     Faith    .   (helmet restricted)
rPois    .         Spirit   .   (no amulet)
rElec    .         Reflect  .   g - ring of positive energy
rCorr    .         Harm     .   (no ring)
MR       .....                  (no ring)
Stlth    +++.......             (no ring)
HPRegen  0.10/turn              (no ring)
MPRegen  0.12/turn              (no ring)
                                (no ring)
                                (no ring)

@: paralysed
A: almost no armour, stealthy swim, amphibious, 8 rings, constrict 8, camouflage
1, gelatinous body 1
a: no special abilities


You were on level 2 of the Dungeon.
You were hungry.

You visited 1 branch of the dungeon, and saw 3 of its levels.

You collected 101 gold pieces.

Inventory:

Hand Weapons
 s - a +0 dagger (weapon)
Jewellery
 g - a ring of positive energy (left tentacle)
 o - a +1 ring of protection {unknown}
Scrolls
 a - 3 scrolls of fear {unknown}
 c - a scroll of noise {unknown}
 h - a scroll of teleportation {unknown}
 i - 2 scrolls of identify {unknown}
 m - a scroll of random uselessness {unknown}
Potions
 d - a potion of magic {unknown}
 e - a potion of haste {unknown}
 f - 4 potions of curing {unknown}
 j - a potion of flight {unknown}
 k - a potion of berserk rage {unknown}
 l - a potion of agility {unknown}
 n - 2 potions of degeneration {unknown}
 p - a potion of lignification {unknown}
 q - a potion of cancellation {unknown}
 r - a potion of brilliance {unknown}
Comestibles
 b - 5 rations


   Skills:
 - Level 2.0 Dodging
 + Level 3.6 Stealth
 + Level 3.4 Spellcasting
 + Level 5.1 Conjurations


You had 6 spell levels left.
You knew the following spells:

 Your Spells              Type           Power        Failure   Level  Hunger
a - Magic Dart            Conj           ###.         1%          1    None
b - Dazzling Spray        Conj/Hex       ##....       17%         3    ###....

Your spell library contained the following spells:

 Spells                   Type           Power        Failure   Level  Hunger
 Searing Ray              Conj           ###...       3%          2    ##.....
 Iskenderun's Mystic Bla  Conj           ###.....     19%         4    ####...
 Force Lance              Conj/Tloc      ##......     50%         4    ####...
 Fulminant Prism          Conj/Hex       ##........   50%         4    ####...


Dungeon Overview and Level Annotations

Branches:
Dungeon (3/15)

Altars:
Elyvilon

Annotations:
D:2 Grinder


Innate Abilities, Weirdness & Mutations

You cannot wear most types of armour.
You are very stealthy in the water. (Stealth+)
You are amphibious.
You can wear up to eight rings at the same time.
You can use your tentacles to constrict eight enemies at once.
Your skin changes colour to match your surroundings (Stealth+).
Your rubbery body absorbs attacks. (AC +1, EV +1)


Message History

There is a stone staircase leading up here.
You climb upwards.
Level annotation: Grinder
There is a stone staircase leading down here.
Grinder gestures at you. Pain shoots through your body!
* * * LOW HITPOINT WARNING * * *
Grinder blinks!
Casting: Dazzling Spray (safe; 17% risk of failure)
Confirm with . or Enter, or press ? or * to list all spells.
You can't see any susceptible monsters within range! (Use Z to cast anyway.) Unknown command.
Unknown command.
Grinder gestures at you.
You suddenly lose the ability to move!
Grinder gestures at you.
You are unaffected.
Grinder gestures at you. Pain shoots through your body!
You die...

##.#.......###.#### #.#
.#.##......###...[# #.#
.#.####.##.##....(####.#
.#..........>.....5....#
.#..######.####...####>#
.#..# #......#......#
.#..# ######...######
.#..# ##.## .#..#
######@# ....# #......#
...)# #>###### .#### #.#
.# #.# .# #.# .# #.# ##
#.# ###### #.#


You could see Grinder.

Vanquished Creatures
  7 adders
  An ooze (D:2)
  A worm (D:3)
  A dart slug (D:2)
  2 leopard geckos
  3 orcs (D:3)
  A giant cockroach (D:1)
  7 goblins
  2 hobgoblins
  2 ball pythons
  8 bats
  4 frilled lizards
  9 kobolds
  5 rats
53 creatures vanquished.

Notes
Turn   | Place    | Note
-------+----------+-------------------------------------------
     0 | D:1      | Gaball the Octopode Conjurer began the quest for the Orb.
     0 | D:1      | Reached XP level 1. HP: 11/11 MP: 3/3
   253 | D:1      | Reached XP level 2. HP: 11/17 MP: 1/5
   712 | D:1      | Reached XP level 3. HP: 21/21 MP: 3/6
   959 | D:2      | Learned a level 3 spell: Dazzling Spray
  1241 | D:2      | Reached XP level 4. HP: 27/27 MP: 1/8
  1446 | D:2      | Found a white marble altar of Elyvilon.
  1671 | D:2      | Reached skill level 5 in Conjurations
  1901 | D:3      | Noticed Grinder
  1999 | D:3      | Paralysed by Grinder for 2 turns
  2395 | D:3      | Reached XP level 5. HP: 31/31 MP: 4/10
  2491 | D:3      | Noticed an ice beast
  2581 | D:2      | Paralysed by Grinder for 4 turns
  2583 | D:2      | Killed from afar by Grinder

Levels and vault maps discovered:
D:1:      moated_graveyard_arrival, layout_loops_cross
D:2:      layout_loops_ring, first_ration, elyvilon_altar_3
D:3:      layout_rooms, serial_rivers, chequers_serial_rivers_small_a,
          chequers_serial_rivers_small_a, chequers_serial_rivers_room_b,
          chequers_serial_rivers_micro_a, chequers_serial_rivers_small_a,
          chequers_serial_rivers_micro_b, uniq_ijyb, uniq_grinder

Skill      XL: |  1  2  3  4 |
---------------+-------------+-----
Spellcasting   | 3 |  3.4
Stealth        | 3 |  3.6
Conjurations   | 5 |  5.1
Dodging        | |  2.0

Action                   |  1- 3 |  4- 6 || total
-------------------------+-------+-------++-------
Melee: Unarmed           |    12 |    34 ||    46
       Constrict         |     4 |     7 ||    11
       Tentacles         |     1 |     3 ||     4
       Dagger            |       |     4 ||     4
 Cast: Magic Dart        |    54 |    54 ||   108
       Dazzling Spray    |     1 |     7 ||     8
 Stab: Sleeping          |     1 |     1 ||     2
  Eat: Chunk             |     1 |     1 ||     2
       Ration            |       |     1 ||     1
Armor: Skin              |     1 |     5 ||     6
Dodge: Dodged            |    16 |    35 ||    51

Table legend:
 A = Non-vault XP
 B = Vault XP
 C = Vault XP percentage of total XP
 D = Non-vault monster count
 E = Vault monster count
 F = Vault count percentage of total count
                 A         B        C        D         E       F
            +---------+---------+-------+---------+---------+-------
      Total |     179 |       0 |   0.0 |      53 |       0 |   0.0
            +---------+---------+-------+---------+---------+-------
        D:1 |      34 |       0 |   0.0 |      22 |       0 |   0.0
        D:2 |     107 |       0 |   0.0 |      19 |       0 |   0.0
        D:3 |      38 |       0 |   0.0 |      12 |       0 |   0.0
            +---------+---------+-------+---------+---------+-------
